 Dungeon Crawl Stone Soup version 0.28-a0-881-gae16bb6c82 (console) character file.

Game seed: 10250607138070840137

169 CannotBeFrozen the Grasshopper (level 5, -1/41 HPs)
             Began as a Demigod Warper on Nov 21, 2021.
             Killed from afar by Natasha (7 damage)
             ... with a magic dart
             ... on level 2 of the Dungeon.
             The game lasted 00:18:29 (3808 turns).

CannotBeFrozen the Grasshopper (Demigod Warper)     Turns: 3808, Time: 00:18:29

Health: -1/41      AC:  6    Str: 16    XL:     5   Next: 4%
Magic:  10/10      EV: 11    Int: 15    God:
Gold:   105        SH:  0    Dex: 13    Spells: 5/8 levels left

rFire   . . .      SeeInvis .   a - +0 falchion
rCold   . . .      Faith    .   (no shield)
rNeg    . . .      Spirit   .   o - +0 ring mail
rPois   .          Reflect  .   (no helmet)
rElec   .          Harm     .   (no cloak)
rCorr   .          Rampage  .   (no gloves)
Will    .....                   b - +0 pair of boots
Stlth   +.........              (no amulet)
HPRegen 0.13/turn               j - ring of wizardry
MPRegen 0.12/turn               (no ring)

@: no status effects
A: high mp 1, forlorn
a: no special abilities


You were on level 2 of the Dungeon.
You visited 1 branch of the dungeon, and saw 3 of its levels.

You collected 105 gold pieces.

Inventory:

Hand Weapons
 a - a +0 falchion (weapon)
Missiles
 d - 5 boomerangs of dispersal {=f =F}
 f - 109 stones
 l - 15 arrows
 m - 3 boomerangs (quivered)
Armour
 b - a +0 pair of boots (worn)
 o - a +0 ring mail (worn)
Jewellery
 j - a ring of wizardry (left hand)
 q - an amulet of guardian spirit
Scrolls
 c - a scroll of blinking
 g - 2 scrolls of identify {@r1}
Potions
 h - a potion of magic {unknown}
 i - 3 potions of curing {@q1}
 k - a potion of might {unknown}
 n - a potion of attraction {unknown}
 p - 2 potions of lignification {unknown}


   Skills:
 - Level 2.0 Fighting
 + Level 2.7 Long Blades
 - Level 1.0 Throwing
 + Level 1.3 Armour
 - Level 2.0 Dodging
 - Level 2.0 Stealth
 - Level 2.0 Spellcasting
 + Level 1.5 Conjurations
 - Level 3.0 Translocations
 + Level 1.5 Fire Magic


You had 5 spell levels left.
You knew the following spells:

 Your Spells              Type           Power      Damage    Failure   Level
b - Blink                 Tloc           20%        N/A       8%          2
f - Foxfire               Conj/Fire      24%        2x1d5     9%          1

Your spell library contained the following spells:

 Spells                   Type           Power      Damage    Failure   Level
 Gell's Gravitas          Tloc           10%        N/A       16%         3
 Lesser Beckoning         Tloc           10%        N/A       16%         3
 Teleport Other           Tloc           10%        N/A       16%         3
 Conjure Flame            Conj/Fire      6%         6-21      26%         3
 Inner Flame              Hex/Fire       3%         N/A       34%         3
 Flame Wave               Conj/Fire      6%         3d4       63%         4
 Manifold Assault         Tloc           10%        N/A       77%         5


Dungeon Overview and Level Annotations

Branches:
Dungeon (3/15)

Annotations:
D:2 Natasha


Innate Abilities, Weirdness & Mutations

Your attributes grow dramatically as you level up.
You have an increased reservoir of magic. (+10% MP)
You shall have no god before yourself.


Message History

Natasha closely misses you. Natasha claws you.
HP: 24/41 (-5) =======----- !
You barely miss Natasha.
Natasha is severely wounded.
Natasha closely misses you. Natasha misses you.
You barely miss Natasha.
Natasha is severely wounded.
Natasha closely misses you. Natasha claws you.
* * * LOW HITPOINT WARNING * * *
HP: 19/41 (-5) =====------- !
You barely miss Natasha.
Natasha is severely wounded.
Natasha closely misses you.
You miss Natasha.
Natasha is severely wounded.
Natasha claws you but does no damage. Natasha barely misses you.
You closely miss Natasha.
Natasha is severely wounded.
Natasha mumbles some strange words.
Natasha shimmers violently.
Natasha completely misses you. Natasha claws you but does no damage.
You hit Natasha.
Natasha is severely wounded.
You feel yourself speed up. Natasha barely misses you.
You closely miss Natasha.
Natasha is severely wounded.
Natasha howls an incantation.
You feel troubled. Natasha claws you.
* * * LOW HITPOINT WARNING * * *
Natasha claws you!
* * * LOW HITPOINT WARNING * * *
HP: 6/41 (-14) =----------- !!!
You barely miss Natasha.
Natasha is severely wounded.
Natasha mewls in sadness.
Natasha casts a spell at you. The magic dart hits you!
You die...

...##..##....#.#..# #.####..#....##
...##........#.#..# #.# #.)#......
...##...#....#.#..# #.####..#......
...##...#....#.#..###..............
..................<...........#....
..................................#
....................#.####.#..#....
#....#..#.#..#.............#..###..
#........P...#...@h........#..###.#
#.......P....#..##..#.#....#.......
#......8........##..#.#....#.###..#
....................#.#...>#......#
...................................
...................................
#.......#.#.##.....(#..#.....###..#
#..>...................#.###..##..#
.........................#.##....<.


You could see Natasha (resistant).

Vanquished Creatures
  Natasha (twice) (D:3)
  3 gnolls
  2 adders
  A white imp (D:3)
  An adder zombie (D:2)
  A dart slug (D:1)
  6 bats
  A bat skeleton (D:2)
  2 bat zombies (D:2)
  3 endoplasms
  2 giant cockroaches
  8 goblins
  6 hobgoblins
  4 quokkas
  2 ball pythons
  3 frilled lizards
  A giant cockroach zombie (D:2)
  A jackal skeleton (D:2)
  A jackal zombie (D:2)
  2 kobolds (D:1)
  8 rats
60 creatures vanquished.

Vanquished Creatures (others)
  43 foxfires
  A withered plant (D:2)
44 creatures vanquished.

Grand Total: 104 creatures vanquished

Notes
Turn   | Place    | Note
-------+----------+-------------------------------------------
     0 | D:1      | CannotBeFrozen the Demigod Warper began the quest for the
                  | Orb.
     0 | D:1      | Reached XP level 1. HP: 17/17 MP: 5/5
    34 | D:1      | Reached skill level 1 in Stealth
   339 | D:1      | Reached XP level 2. HP: 23/24 MP: 7/7
   453 | D:1      | Reached skill level 1 in Throwing
   453 | D:1      | Reached skill level 1 in Armour
   577 | D:1      | Learned a level 2 spell: Blink
  1543 | D:2      | Reached skill level 3 in Translocations
  1543 | D:2      | Reached XP level 3. HP: 29/29 MP: 8/8
  1673 | D:2      | Learned a level 1 spell: Foxfire
  2798 | D:3      | Noticed Natasha
  2805 | D:3      | Killed Natasha
  2806 | D:3      | Reached XP level 4. HP: 36/36 MP: 9/9
  2874 | D:3      | Reached skill level 1 in Conjurations
  2874 | D:3      | Reached skill level 1 in Fire Magic
  3589 | D:3      | Noticed Natasha
  3601 | D:3      | Killed Natasha
  3602 | D:3      | Reached XP level 5. HP: 17/41 MP: 10/10
  3634 | D:3      | Noticed Natasha
  3808 | D:2      | Killed from afar by Natasha

Illustrated notes

Levels and vault maps discovered:
D:1:      dpeg_arrival_shrine, layout_basic, hangedman_decor_growths,
          minmay_hedge_maze
D:2:      layout_basic, ebering_ecumenical_altar_box, serial_undead,
          serial_undead_e, serial_undead_f, serial_undead_d, serial_undead_f,
          minmay_bisected
D:3:      layout_loops_ring, uniq_natasha

Skill      XL: |  1  2  3  4 |
---------------+-------------+-----
Stealth        | 1 2 |  2.0
Throwing       | 1 |  1.0
Armour         | 1 |  1.3
Dodging        | 2 |  2.0
Spellcasting   | 2 |  2.0
Translocations | 3 |  3.0
Fighting       | 2 |  2.0
Long Blades    | 2 |  2.7
Conjurations   | 1 |  1.5
Fire Magic     | 1 |  1.5

Action                   |  1- 3 |  4- 6 || total
-------------------------+-------+-------++-------
Melee: Falchion          |    94 |    33 ||   127
Throw: Stone             |    67 |       ||    67
       Dart              |     9 |    21 ||    30
       Boomerang         |       |    14 ||    14
 Cast: Foxfire           |    13 |    11 ||    24
       Blink             |     1 |       ||     1
  Use: Scroll            |       |     1 ||     1
Armor: Leather armour    |    34 |       ||    34
       Ring mail         |     2 |    15 ||    17
Dodge: Dodged            |    73 |    26 ||    99

Table legend: (Time is in decaauts)
 A = Elapsed time spent in this place.
 B = Non-inter-level travel time spent in this place.
 C = Inter-level travel time spent in this place.
 D = Time resting spent in this place.
 E = Time spent auto-exploring this place.
 F = Levels seen in this place.
 G = Mean time per level.
                   A        B        C        D        E       F      G
               +--------+--------+--------+--------+--------+-----+--------+
         Total |   3854 |   3757 |     97 |    863 |   1734 |   3 | 1284.7 |
       Dungeon |   3854 |   3757 |     97 |    863 |   1734 |   3 | 1284.7 |
               +--------+--------+--------+--------+--------+-----+--------+

Top non-repeatable levels by time:
     D:2: 1675 daAuts
     D:1: 1536 daAuts
     D:3: 643 daAuts
